 Dungeon Crawl Stone Soup version 0.27.0-1-g7a089689b8 (webtiles) character file.

Game seed: 14605145214937730284

71 Acheron the Insei (level 4, 0/32 HPs)
             Began as a Demonspawn Transmuter on Aug 12, 2021.
             Was a Believer of Lugonu.
             Slain by a scorpion (8 damage)
             ... on level 4 of the Dungeon.
             The game lasted 00:17:21 (3274 turns).

Acheron the Insei (Demonspawn Transmuter)           Turns: 3274, Time: 00:17:22

Health: 0/32       AC:  2    Str: 10    XL:     4   Next: 5%
Magic:  6/7        EV: 12    Int: 15    God:    Lugonu [**....]
Gold:   94         SH:  0    Dex: 14    Spells: 1/7 levels left

rFire    . . .     SeeInvis .   k - +1 dagger (drain)
rCold    . . .     Faith    .   (no shield)
rNeg     . . .     Spirit   .   a - +0 robe
rPois    .         Reflect  .   (helmet currently unavailable)
rElec    .         Harm     .   (no cloak)
rCorr    .         Rampage  .   (no gloves)
Will     .....                  (boots currently unavailable)
Stlth    ++........             (no amulet)
HPRegen  0.10/turn              (no ring)
MPRegen  0.10/turn              (no ring)

@: appendages
A: horns 2, talons 1, demonic magic 2
a: End Transformation, Renounce Religion, Depart the Abyss, Bend Space


You were on level 4 of the Dungeon.
You worshipped Lugonu.
Lugonu was pleased with you.
You had temporarily grown beastly horns.
You visited 1 branch of the dungeon, and saw 4 of its levels.

You collected 94 gold pieces.

Inventory:

Hand Weapons
 g - a +0 rapier
 k - a +1 dagger of draining (weapon)
Missiles
 l - 37 stones
Armour
 a - a +0 robe (worn)
 i - a +0 pair of boots (melded)
 n - a +0 ring mail
Scrolls
 e - 4 scrolls of teleportation {unknown}
 j - a scroll of enchant weapon {unknown}
Potions
 d - a potion of curing
 f - a potion of brilliance {unknown}
 h - a potion of lignification {unknown}
 m - a potion of mutation {unknown}
 o - a potion of might {unknown}


   Skills:
 * Level 1.4 Fighting
 + Level 0.3 Short Blades
 * Level 2.1 Dodging
 * Level 1.2 Stealth
 * Level 3.3 Unarmed Combat
 * Level 2.2 Spellcasting
 * Level 2.1 Transmutations
 * Level 1.2 Invocations


You had one spell level left.
You knew the following spells:

 Your Spells              Type           Power      Damage    Failure   Level
a - Beastly Appendage     Tmut           16%        N/A       9%          1
b - Wereblood             Tmut           8%         N/A       14%         2
c - Spider Form           Tmut/Pois      2%         N/A       38%         3

Your spell library contained the following spells:

 Spells                   Type           Power      Damage    Failure   Level
 Corona                   Hex            1%         N/A       22%         1
 Summon Guardian Golem    Hex/Summ       1%         N/A       54%         3
 Ice Form                 Ice/Tmut       4%         N/A       80%         4
 Orb of Destruction       Conj           0%         N/A       100%        7
 Spellforged Servitor     Conj/Summ      0%         N/A       100%        7


Dungeon Overview and Level Annotations

Branches:
Dungeon (4/15)
 Temple: D:4-7

Altars:
Lugonu

Annotations:
D:3 Robin


Innate Abilities, Weirdness & Mutations

You have temporarily grown beastly horns.
You have sharp toenails.
Spells you cast may paralyse nearby enemies.


Message History

* * * LOW HITPOINT WARNING * * *
You hit the dart slug. You claw the dart slug. You headbutt the dart slug.
You kill the dart slug!
Lugonu accepts your kill.
Your life force feels restored.
You see here a dart slug corpse.
You start resting.
Your transformation is almost over.
You start resting.
Magic restored.
You start resting.
Your horns disappear.
Your +0 pair of boots unmelds from your body.
You start resting.
A hobgoblin comes into view.
A goblin comes into view. It is wielding a +0 dagger.
An endoplasm, a scorpion and a goblin come into view.
Found a stone staircase leading down.
The hobgoblin shouts!
An endoplasm comes into view.
The endoplasm quivers.
An endoplasm comes into view.
The endoplasm quivers. x2; The endoplasm jiggles.
Casting: Beastly Appendage (safe; 9% risk of failure)
Confirm with . or Enter, or press ? or * to list all spells.
You grow a pair of large bovine horns.
Your +0 pair of boots melds into your body.
Malevolent energies surge around you. The scorpion stings you.
* * * LOW HITPOINT WARNING * * *
You are lethally poisoned!
The scorpion poisons you!
You hit the scorpion but do no damage. Your kick misses the scorpion.
* * * LOW HITPOINT WARNING * * *
You feel sick. The scorpion barely misses you.
You feel better. The scorpion stings you.
* * * LOW HITPOINT WARNING * * *
You hit the scorpion.
The scorpion is lightly wounded.
The scorpion stings you!
You die...

....#.#.# #....#..
...#
.J..#...###....#.#.
#.#
...Jg.....##....#S..
.# ...J....J.##....#
.....g.JJ.####.##
.....###g## .# .....
#g# .... #s# ....
#@# .......>#
###.....# #.....#
#.....# #.....#
#.....# #......


You could see a scorpion, 3 endoplasms, a hobgoblin and a goblin.

Vanquished Creatures
  An adder (D:3)
  A dart slug (D:4)
  A worm (D:2)
  8 ball pythons
  4 bats
  3 endoplasms
  A giant cockroach (D:1)
  4 hobgoblins
  10 jackals (D:2)
  5 kobolds
  A quokka (D:1)
  A frilled lizard (D:1)
  7 goblins
  5 rats
52 creatures vanquished.

Vanquished Creatures (others)
  2 fungi (D:1)
  A plant (D:1)
3 creatures vanquished.

Grand Total: 55 creatures vanquished

Notes
Turn   | Place    | Note
-------+----------+-------------------------------------------
     0 | D:1      | Acheron the Demonspawn Transmuter began the quest for the
                  | Orb.
     0 | D:1      | Reached XP level 1. HP: 15/15 MP: 3/3
   494 | D:1      | Reached skill level 3 in Unarmed Combat
   494 | D:1      | Mutation became permanent: You have sharp toenails.
                  | [demonic ancestry]
   494 | D:1      | Gained mutation: You have razor-sharp toenails. [demonic
                  | ancestry]
   494 | D:1      | Reached XP level 2. HP: 21/21 MP: 3/5
   877 | D:1      | Found a faded altar of an unknown god.
   890 | D:1      | Got Plato's Incunabulum of Malediction
   891 | D:1      | Became a worshipper of Lugonu the Unformed
   891 | D:1      | Reached * piety under Lugonu
   891 | D:1      | Reached ** piety under Lugonu
  1631 | D:2      | Gained mutation: Spells you cast may paralyse adjacent
                  | enemies. [demonic ancestry]
  1631 | D:2      | Reached XP level 3. HP: 17/26 MP: 6/6
  1764 | D:3      | Noticed Robin
  2640 | D:3      | Learned a level 2 spell: Wereblood
  2644 | D:3      | Learned a level 3 spell: Spider Form
  2875 | D:3      | Reached skill level 1 in Stealth
  2890 | D:2      | Reached skill level 1 in Invocations
  3181 | D:2      | Gained mutation: Spells you cast may paralyse nearby
                  | enemies. [demonic ancestry]
  3181 | D:2      | Reached XP level 4. HP: 12/31 MP: 5/7
  3263 | D:4      | Noticed a scorpion
  3274 | D:4      | Slain by a scorpion

Illustrated notes

Levels and vault maps discovered:
D:1:      pf_arrival_petrified_forest, layout_loops_ring,
          shapermc_ecumenical_altar_rom_forum, minmay_misc_feat_chi
D:2:      layout_basic
D:3:      layout_loops_ring, amcnicky_mini_corridor_feature, uniq_robin,
          uniq_crazy_yiuf_cottage
D:4:      minmay_clustersquares, layout_basic, overflow_temple_1_default,
          minmay_manual_monolith

Skill      XL: |  1  2  3 |
---------------+----------+-----
Unarmed Combat | 3 |  3.3
Transmutations | 2 |  2.1
Dodging        | 2 |  2.1
Stealth        | 1 |  1.2
Invocations    | 1 |  1.2
Fighting       | |  1.4
Short Blades   | |  0.3
Spellcasting   | |  2.2

Action                   |  1- 3 |  4- 6 || total
-------------------------+-------+-------++-------
Melee: Unarmed           |    21 |       ||    21
       Kick              |    23 |     1 ||    24
       Headbutt          |     5 |     1 ||     6
       Punch             |     3 |       ||     3
       Rapier            |    75 |       ||    75
       Short sword       |    13 |       ||    13
       Dagger            |    35 |     4 ||    39
 Cast: Beastly Appendage |    21 |     3 ||    24
  Use: Scroll            |     2 |       ||     2
       Potion            |       |     1 ||     1
 Stab: Sleeping          |     2 |       ||     2
       Paralysed         |     8 |     1 ||     9
Armor: Robe              |    31 |     7 ||    38
Dodge: Dodged            |    91 |    11 ||   102
